 Dungeon Crawl Stone Soup version 0.20.1-1-g8b1a95d (webtiles) character file.

7 vatarom the Caller (level 1, 0/17 HPs)
             Began as a Draconian Summoner on Sept 7, 2017.
             Slain by a bat (1 damage)
             ... on level 1 of the Dungeon.
             The game lasted 00:00:49 (182 turns).

vatarom the Caller (Draconian Summoner)              Turns: 182, Time: 00:00:50

Health: 0/17       AC:  4    Str: 10    XL:     1   Next: 83%
Magic:  0/3        EV: 12    Int: 15    God:
Gold:   11         SH:  0    Dex: 11    Spells: 3/4 levels left

rFire    . . .     SeeInvis .   (no weapon)
rCold    . . .     Gourm    .   (no shield)
rNeg     . . .     Faith    .   (armour unavailable)
rPois    .         Spirit   .   (helmet restricted)
rElec    .         Reflect  .   (no cloak)
rCorr    .         Harm     .   (no gloves)
MR       .....                  (no boots)
Stlth    ++........             (no amulet)
Regen    0.1/turn               (no ring)
MPRegen  0.1/turn               (no ring)

@: no status effects
A: unfitting armour, cold-blooded, AC +4
a: no special abilities


You were on level 1 of the Dungeon.
You were not hungry.

You visited 1 branch of the dungeon, and saw 1 of its levels.

You collected 11 gold pieces.

Inventory:

Books
 a - a book of Callings

   Spells                             Type                      Level
   a - Summon Small Mammal            Summoning                    1
   b - Call Imp                       Summoning                    2
   c - Call Canine Familiar           Summoning                    3
   d - Summon Guardian Golem          Hexes/Summoning              3
   e - Summon Lightning Spire         Summoning/Air                4
   f - Summon Ice Beast               Ice/Summoning                4
Comestibles
 b - 2 bread rations
 c - a meat ration
 d - 8 chunks of flesh


   Skills:
 + Level 1.6 Fighting
 - Level 1.7 Dodging
 - Level 1.7 Stealth
 - Level 2.0 Spellcasting
 - Level 4.0 Summonings


You had 3 spell levels left.
You knew the following spells:

 Your Spells              Type           Power        Failure   Level  Hunger
a - Summon Small Mammal   Summ           ##..         4%          1    #......


Dungeon Overview and Level Annotations

Branches:
Dungeon (1/15)

Altars:


Innate Abilities, Weirdness & Mutations

Your plain brown scales are hard. (AC +4)
You cannot fit into any form of body armour.
You are cold-blooded and may be slowed by cold attacks.


Message History

* * * LOW HITPOINT WARNING * * *
Your bat hits the jackal but does no damage.
Your bat closely misses the jackal.
Your quokka barely misses the jackal.
The jackal bites your bat.
Your bat closely misses the jackal.
The jackal misses you.
Your quokka closely misses the jackal.
You aren't carrying any potions.
Your bat barely misses the jackal.
The bat hits you.
* * * LOW HITPOINT WARNING * * *
The jackal barely misses your bat.
Your quokka closely misses the jackal.
Unknown command.
Casting: Summon Small Mammal
Confirm with . or Enter, or press ? or * to list all spells.
The bat closely misses you. The jackal bites your bat.
Your bat closely misses the jackal.
The jackal misses you. The bat hits your rat.
Your quokka bites the jackal.
The jackal bites your bat but does no damage.
The jackal bites your quokka.
You swap places.
The bat hits you but does no damage.
Your bat closely misses the jackal.
The bat hits you.
You die...

#.....8#8.#
##.###..###.........#
.#.....>............#
.#.$#...#####†......######
....#...# #....#..##...#
....#...#####....#..##...#
.............#....#..#...#
...........)br.b.........#
...........h..hr@.#...>..#
...........###...........#
#..........# ########....#
#..........# ######
#..........# #..........#
##........## ##........##
#..........#


You could see 2 jackals, a bat, a friendly quokka, a friendly bat and a friendly
rat.

Vanquished Creatures
  A bat (D:1)
  A goblin (D:1)
  A hobgoblin (D:1)
  A frilled lizard (D:1)
  2 rats (D:1)
6 creatures vanquished.

Vanquished Creatures (collateral kills)
  A hobgoblin (D:1)
1 creature vanquished.

Grand Total: 7 creatures vanquished

Notes
Turn   | Place    | Note
-------+----------+-------------------------------------------
     0 | D:1      | vatarom the Draconian Summoner began the quest for the Orb.
     0 | D:1      | Reached XP level 1. HP: 14/14 MP: 3/3
    75 | D:1      | Reached skill level 1 in Fighting
   182 | D:1      | Slain by a bat

Skill      XL: |  1 |
---------------+----+-----
Fighting       | 1 |  1.6
Dodging        | |  1.7
Stealth        | |  1.7
Spellcasting   | |  2.0
Summonings     | |  4.0

Action                   || total
-------------------------++-------
Melee: Unarmed           ||    34
       Tailslap          ||     4
 Cast: Summon Small Mamm ||     8
  Use: Scroll            ||     3
Armor: Skin              ||    30
Dodge: Dodged            ||    58
